woodfighter, chaotic male sylph Ranger --------------------------------------- |.............||..).||..............*%| |.-----.-----.||.--.--.--------------.| |....||....||.||.||....||....||...%...| -------.-----.||.||.||----||.--.||.-----.| |....||....||.||.||.||....||.||.||.||.||.| |.--.-----.||.-----.--.-----.||---.||.||.| |.||....||.||........>.||....||....||.||.| |.-----.-..|-----------||.---||.--.||.--.| |....||^.^.| |.......||.||.||.||.||....| ----.|------ |.-----.--.||.--.||.||.---| |.| |....||....||....||.||....| --------.| ----.--------.-----.||---.| H.@||<%..| |.%..||^...||....||....| -H---.---- ----.------||.-----.---- )`H.H.| |.......||.||....||.| ------ -------.--.||.-----.| s |....||.......| --------------- woodfighter the Scout Experience level: 14 Strength: 16 Dexterity: 18 Constitution: 16 Intelligence: 14 Wisdom: 14 Charisma: 10 Health: 0(107) Energy: 77(77) Def: 15 Gold: 0 Moves: 30276 Dungeon seed: MpwwUj6cxc6IfJUR Game ID: woodfighter_1471604369 Your Inventory: Weapons a - the blessed +0 Longbow of Diana (weapon in hand) b - 86 blessed +6 arrows (in quiver) A - a blessed corroded +6 arrow Armor e - an uncursed +2 cloak of displacement (being worn) k - an uncursed +0 pair of gauntlets of fumbling n - a blessed +5 T-shirt (being worn) q - an uncursed +0 elven shield (being worn) r - an uncursed +0 set of gray dragon scales Comestibles S - 6 uncursed food rations Z - an uncursed lizard corpse Potions L - an uncursed potion of full healing Rings j - an uncursed ring of teleport control (on left hand) H - an uncursed ring of polymorph control (on right hand) Wands E - a wand of teleportation (0:2) V - a wand of digging (0:5) Tools g - a blessed +0 unicorn horn l - an uncursed stethoscope s - a blessed bag of holding t - a +0 pick-axe v - an uncursed oil lamp (0:0) y - an uncursed skeleton key F - the Bell of Opening (0:3) Gems z - a blessed luckstone Contents of the bag of holding: 3686 gold pieces 6 blessed +2 arrows an uncursed +0 mummy wrapping an uncursed +0 pair of speed boots an uncursed +0 shield of reflection an uncursed clove of garlic 5 uncursed eucalyptus leaves 5 uncursed food rations an uncursed lizard corpse 2 uncursed oranges an uncursed sprig of wolfsbane a cursed scroll of enchant armor a blessed scroll of enchant weapon a cursed scroll of fire 2 uncursed scrolls of identify an uncursed scroll of light an uncursed scroll of magic mapping an uncursed spellbook of haste self an uncursed spellbook of healing an uncursed spellbook of wizard lock a cursed potion of gain ability an uncursed potion of gain level a blessed potion of healing an uncursed potion of healing an uncursed potion of object detection an uncursed potion of speed an uncursed ring of conflict an uncursed ring of invisibility a cursed ring of invisibility an uncursed ring of levitation an uncursed ring of see invisible an uncursed ring of see invisible a wand of cold (0:8) a wand of cold (0:7) a wand of death (0:4) a wand of fire (0:7) a wand of magic missile (0:5) a +0 unicorn horn Spells and supernatural/magical abilities: Name Level Category Fail Memory h - healing 1 healing 100% 62% W - pray for help -- divine ? -- Your skills at the end: Miscellaneous Skills shield [Basic] wands [Skilled] Weapon Skills dagger [Basic] bow [Expert] Spellcasting Skills Final Attributes: You were the Glory of Arioch. You were piously aligned. You were fire resistant. You were cold resistant. You were sleep resistant. You were shock resistant. You were poison resistant. You saw invisible. You were telepathic. You had automatic searching. You had infravision. You were invisible to others. You were displaced. You were stealthy. You had teleport control. You were protected. You were protected from shape changers. You had polymorph control. You were fast. You had reflection. You were extremely lucky. You had extra luck. Good luck did not time out for you. You are dead. Vanquished creatures: Medusa 2 titans a gray dragon an orange dragon 3 minotaurs Scorpius 2 baluchitheria 5 stone golems a Nazgul a titanothere a trapper 4 baby orange dragons 2 clay golems 3 nurses an Aleax 3 vampires 3 ghosts a queen bee a winged gargoyle 2 giant mimics 4 fire giants an ogre king an umber hulk a large mimic a wumpus a long worm 2 couatls 5 stalkers an air elemental a fire elemental 2 black nagas a giant zombie 3 elf-lords 4 wargs 2 winter wolves 10 small mimics a glass piercer a warhorse a xan 2 ettin mummies a quantum mechanic 3 trolls 2 sasquatches 2 wood golems 3 pyrolisks 4 large dogs 5 freezing spheres 2 flaming spheres 2 shocking spheres 4 large cats 3 tigers 2 gargoyles 4 dwarf kings 8 tengu 5 gelatinous cubes 4 ochre jellies 3 chameleons 4 crocodiles 2 leocrottas 4 energy vortices 19 mountain centaurs a giant an elf mummy 5 human mummies a red naga 2 pit vipers 2 cobras 7 wraiths an ettin zombie 2 leather golems 2 Grey-elves 2 succubi 2 incubi 5 giant beetles 4 cockatrices 8 wolves 3 winter wolf cubs 2 panthers 4 gremlins 47 leprechauns 6 quivering blobs a spotted jelly 4 lizards 4 mountain nymphs an orc-captain 2 mumakil 9 giant spiders 26 scorpions 3 iron piercers 2 horses an ice vortex a black light 5 vampire bats 44 forest centaurs 4 gnome kings 4 orc mummies 5 dwarf mummies 2 brown puddings a rust monster 2 owlbears 2 yetis a Green-elf 8 hunters 5 chickatrices 2 dogs 3 dingos 4 housecats 3 jaguars a dwarf lord 2 blue jellies a water nymph 4 white unicorns 2 gray unicorns a dust vortex a raven 11 plains centaurs a gnome mummy 3 snakes 2 apes 2 human zombies 2 Woodland-elves 4 soldier ants 5 fire ants 2 bugbears a wood nymph 2 Uruk-hai 2 orc shamans 6 rock moles 2 rock piercers 3 ponies a fog cloud 8 yellow lights 2 shriekers a violet fungus 23 gnome lords 12 gnomish wizards 3 kobold mummies 2 guardian naga hatchlings 2 gray oozes 5 elf zombies 2 ghouls 5 straw golems 2 paper golems 5 giant ants 2 little dogs 6 floating eyes 2 kittens 21 dwarves 2 homunculi 6 kobold lords 2 kobold shamans 12 iguanas 10 rothes a rabid rat a centipede 7 giant bats 3 monkeys 4 orc zombies 5 dwarf zombies 3 werejackals 28 killer bees 3 coyotes 5 gas spores 10 hobbits 3 acid blobs 3 large kobolds 10 geckos 3 hobgoblins 12 giant rats 7 cave spiders 4 brown molds 8 yellow molds 4 green molds 2 red molds 85 gnomes 21 garter snakes 10 manes 4 gnome zombies 7 jackals 4 foxes 2 kobolds 10 newts 4 goblins 12 sewer rats 17 grid bugs 5 bats 13 lichens 2 kobold zombies 944 creatures vanquished. Voluntary challenges: You were vegetarian. You had followed a strict vegan diet until turn 2295. You had been an atheist until turn 1863. You used a wielded weapon 35 times, starting on turn 1955. You did not apply a unicorn horn. You read items or engraved 15 times, starting on turn 3624. You never genocided any monsters. You never polymorphed an object. You changed form 1 time, starting on turn 10038. You completed Sokoban on turn 6662, according to the rules. You used no wishes. You never split a pudding. You never wrote Elbereth's name. You violated your moral code, losing 2 points of alignment, starting on turn 6446. Dungeon overview: The Dungeons of Doom: levels 1 to 28 Level 1 (locked chest) a long staircase Level 2 (vault) stairs to The Gnomish Mines Level 3 ( ) a general store, a fountain Level 4 (locked boxes) some fountains Level 5 ( ) Level 6 (locked box) a fountain Level 7 an altar to Mars, a fountain Level 8 many fountains Level 9 (vault) stairs to Sokoban Level 10 some fountains Level 11 a temple to Mercury, a fountain Level 12 a fountain Level 13 Level 14 (quest) portal to The Quest Level 15 a general store Level 16 (rogue) Level 17 an altar to Venus Level 18 a fountain Level 19 Level 20 (vault) some fountains Level 21 a temple to Venus Level 22 (vault) a fountain Level 23 (vault) a fountain Level 24 (medusa) Level 25 Level 26 Level 27 <- You were here Level 28 The Gnomish Mines: levels 3 to 11 Level 3 stairs to The Dungeons of Doom Level 4 Level 5 (locked chest) Level 6 many shops, a temple to Mars, a magic chest, some fountains Level 7 Level 8 Level 9 Level 10 Level 11 a magic chest, a fountain The Quest: levels 1 to 5 Level 1 a magic chest, many trees portal to The Dungeons of Doom Level 2 many trees Level 3 Level 4 Level 5 an altar to Mercury, many trees Sokoban: levels 5 to 8 Level 5 a magic chest Level 6 Level 7 Level 8 a magic chest stairs to The Dungeons of Doom History has recorded: On T:1 you entered the Dungeons of Doom to retrieve the Amulet of Yendor! On T:254 you reached level 2 of The Dungeons of Doom. On T:341 you reached level 1 of The Gnomish Mines. On T:433 you reached level 3 of The Dungeons of Doom. On T:498 you advanced to experience level 2. On T:870 you reached level 4 of The Dungeons of Doom. On T:1287 you reached level 5 of The Dungeons of Doom. On T:1350 you advanced to experience level 3. On T:1457 you reached level 6 of The Dungeons of Doom. On T:1645 you advanced to experience level 4. On T:1858 you reached level 7 of The Dungeons of Doom. On T:2044 you advanced to experience level 5. On T:2055 you advanced to experience level 6. On T:2133 you advanced to experience level 7. On T:2278 you advanced to experience level 8. On T:2793 you reached level 8 of The Dungeons of Doom. On T:3151 you reached level 9 of The Dungeons of Doom. On T:3508 you reached level 10 of The Dungeons of Doom. On T:3641 you reached level 4 of Sokoban. On T:3699 you opened a magic chest. On T:3701 you opened a magic chest. On T:4185 you opened a magic chest. On T:4193 you reached level 3 of Sokoban. On T:4983 you reached level 2 of Sokoban. On T:5460 you reached level 1 of Sokoban. On T:5490 you advanced to experience level 9. On T:6296 you opened a magic chest. On T:6298 you opened a magic chest. On T:6662 you advanced to experience level 10. On T:6662 you entered the Sokoban zoo. On T:6795 you opened a magic chest. On T:6946 you opened a magic chest. On T:7480 you reached level 2 of The Gnomish Mines. On T:8128 you reached level 3 of The Gnomish Mines. On T:8517 you reached level 4 of The Gnomish Mines. On T:9044 you entered the Minetown temple On T:9065 you received Sting from Mars. On T:9090 you opened a magic chest. On T:9097 you opened a magic chest. On T:9097 you opened a magic chest. On T:9104 you opened a magic chest. On T:9129 you opened a magic chest. On T:9130 you opened a magic chest. On T:9144 you opened a magic chest. On T:9145 you opened a magic chest. On T:9169 you opened a magic chest. On T:9214 you opened a magic chest. On T:9214 you opened a magic chest. On T:9289 you opened a magic chest. On T:9303 you opened a magic chest. On T:9508 you opened a magic chest. On T:9512 you opened a magic chest. On T:9512 you opened a magic chest. On T:9513 you opened a magic chest. On T:9516 you opened a magic chest. On T:9725 you reached level 5 of The Gnomish Mines. On T:10036 you reached level 6 of The Gnomish Mines. On T:10161 you reached level 7 of The Gnomish Mines. On T:10670 you reached level 8 of The Gnomish Mines. On T:10964 you reached level 9 of The Gnomish Mines. On T:10964 you reached the bottom of the Mines. On T:11368 you opened a magic chest. On T:11394 you opened a magic chest. On T:11491 you opened a magic chest. On T:12051 you opened a magic chest. On T:12070 you opened a magic chest. On T:12081 you opened a magic chest. On T:12083 you opened a magic chest. On T:12102 you opened a magic chest. On T:12105 you opened a magic chest. On T:12106 you opened a magic chest. On T:12106 you opened a magic chest. On T:12115 you opened a magic chest. On T:12188 you opened a magic chest. On T:12189 you opened a magic chest. On T:12190 you opened a magic chest. On T:12925 you opened a magic chest. On T:12951 you opened a magic chest. On T:12952 you opened a magic chest. On T:12953 you opened a magic chest. On T:12955 you opened a magic chest. On T:12955 you opened a magic chest. On T:12956 you opened a magic chest. On T:12959 you opened a magic chest. On T:12960 you opened a magic chest. On T:12978 you opened a magic chest. On T:13197 you opened a magic chest. On T:13645 you opened a magic chest. On T:13791 you opened a magic chest. On T:13822 you reached level 11 of The Dungeons of Doom. On T:14117 you reached level 12 of The Dungeons of Doom. On T:14404 you reached level 13 of The Dungeons of Doom. On T:14889 you reached level 14 of The Dungeons of Doom. On T:15151 you reached level 15 of The Dungeons of Doom. On T:15645 you reached level 16 of The Dungeons of Doom. On T:15905 you reached level 17 of The Dungeons of Doom. On T:16137 you reached level 18 of The Dungeons of Doom. On T:16762 you opened a magic chest. On T:16767 you opened a magic chest. On T:16781 you opened a magic chest. On T:16824 you opened a magic chest. On T:17189 you opened a magic chest. On T:17594 you opened a magic chest. On T:17596 you opened a magic chest. On T:17600 you opened a magic chest. On T:17601 you opened a magic chest. On T:17602 you opened a magic chest. On T:17681 you opened a magic chest. On T:17700 you opened a magic chest. On T:17700 you opened a magic chest. On T:17701 you opened a magic chest. On T:17701 you opened a magic chest. On T:17716 you opened a magic chest. On T:18523 you reached level 19 of The Dungeons of Doom. On T:18913 you advanced to experience level 11. On T:18954 you reached level 20 of The Dungeons of Doom. On T:19211 you reached level 21 of The Dungeons of Doom. On T:19531 you reached level 22 of The Dungeons of Doom. On T:20003 you reached level 23 of The Dungeons of Doom. On T:20970 you reached level 24 of The Dungeons of Doom. On T:21491 you opened a magic chest. On T:21492 you opened a magic chest. On T:21494 you opened a magic chest. On T:21497 you opened a magic chest. On T:21498 you opened a magic chest. On T:22567 you opened a magic chest. On T:22568 you opened a magic chest. On T:22570 you opened a magic chest. On T:22570 you opened a magic chest. On T:22577 you opened a magic chest. On T:22581 you opened a magic chest. On T:22583 you opened a magic chest. On T:22585 you opened a magic chest. On T:22585 you opened a magic chest. On T:22586 you opened a magic chest. On T:22587 you opened a magic chest. On T:22588 you opened a magic chest. On T:22590 you opened a magic chest. On T:22593 you opened a magic chest. On T:22593 you opened a magic chest. On T:22594 you opened a magic chest. On T:22595 you opened a magic chest. On T:22596 you opened a magic chest. On T:22598 you opened a magic chest. On T:22600 you opened a magic chest. On T:22600 you opened a magic chest. On T:22602 you opened a magic chest. On T:22610 you opened a magic chest. On T:22614 you opened a magic chest. On T:22615 you opened a magic chest. On T:22616 you opened a magic chest. On T:22628 you opened a magic chest. On T:22630 you opened a magic chest. On T:22631 you opened a magic chest. On T:23667 you opened a magic chest. On T:23668 you opened a magic chest. On T:23673 you opened a magic chest. On T:23689 you opened a magic chest. On T:23723 you opened a magic chest. On T:23756 you received Valerian from Mars. On T:23863 you opened a magic chest. On T:24505 you were chosen to steal souls for your god's glory! On T:24790 you opened a magic chest. On T:24791 you opened a magic chest. On T:24793 you opened a magic chest. On T:24794 you opened a magic chest. On T:24795 you opened a magic chest. On T:24795 you opened a magic chest. On T:24797 you opened a magic chest. On T:24797 you opened a magic chest. On T:24799 you opened a magic chest. On T:24801 you opened a magic chest. On T:25256 you opened a magic chest. On T:25702 you reached level 1 of The Quest. On T:26216 you advanced to experience level 12. On T:26562 you advanced to experience level 13. On T:26562 you advanced to experience level 14. On T:26569 you embarked upon an epic quest. On T:26572 you opened a magic chest. On T:26572 you opened a magic chest. On T:26574 you opened a magic chest. On T:26588 you reached level 2 of The Quest. On T:26666 you opened a magic chest. On T:26825 you reached level 3 of The Quest. On T:27203 you reached level 5 of The Quest. On T:27749 you killed Scorpius on level 5 of The Quest. On T:28100 you opened a magic chest. On T:28102 you opened a magic chest. On T:28103 you opened a magic chest. On T:28104 you opened a magic chest. On T:28104 you opened a magic chest. On T:28112 you opened a magic chest. On T:28118 you completed the quest! On T:28724 you killed Medusa on level 24 of The Dungeons of Doom. On T:28914 you reached level 25 of The Dungeons of Doom. On T:29115 you reached level 26 of The Dungeons of Doom. On T:29481 you reached level 27 of The Dungeons of Doom. On T:29954 you reached level 28 of The Dungeons of Doom. Score breakdown: Gold: 3686 ( 368 points) Experience: 14 levels ( 1300 points) Exploration: 28 levels ( 810 points) Discoveries: 93 items ( 2000 points) Variety of kills: 188 monsters ( 2000 points) Major goal: finished the Quest ( 2000 points) Survival: died (score multiplied by 3) Total score: 25434 Latest messages: L - a potion of full healing. E - an uncursed wand called teleport. You shoot 3 arrows. The 1st arrow hits the minotaur! The 2nd arrow hits the minotaur! The 3rd arrow hits the minotaur! That food really hit the spot! You stop eating. You resume your meal. You finish eating the food ration. You stop searching. (2x) You shoot 4 arrows. The 1st arrow hits the minotaur! The 2nd arrow hits the minotaur! The 3rd arrow hits the minotaur! The 4th arrow hits the minotaur! The minotaur punches you! (2x) The minotaur butts! The minotaur punches you! You die... Final status: Goodbye woodfighter the Ranger, killed by a minotaur... You died in The Dungeons of Doom on dungeon level 27 with 25434 points, and 3686 pieces of gold, after 30276 moves. You were level 14 with a maximum of 107 hit points when you died.